AoeStats
← Jamb

Arabia

508772253Analyzed
1v1 RM · 10d ago on Sep 24, 2026· 47m 3s· 2 players
Game mode
Random Map
Map size
Tiny (2 player)
Population
200
Speed
Normal
Resources
Standard
Victory
Conquest
Starting age
Dark Age
Ending age
Imperial Age
RankedLock teamsTeams togetherTeam positionsShared explorationLock speedFull tech treeHidden civsTurbo modeCheats
Victory
Defeat
🇵🇪 Vietnamese · Peru
897
+15
🇲🇽 Koreans · Mexico
869
-15
ricardowong91
9:08 Loom
11:20 Feudal Age
12:40 Double-Bit Axe
14:20 Horse Collar
19:41 Castle Age
19:50 Fletching
21:08 Bow Saw
23:09 Bodkin Arrow
23:18 Squires
25:25 Heavy Plow
25:33 Scale Mail Armor
33:30 Wheelbarrow
32:41 Town Watch
33:47 Gold Mining
38:25 Imperial Age
36:50 Gold Shaft Mining
36:06 Stone Mining
35:45 Crossbowman
37:53 Ballistics
37:30 Murder Holes
37:48 Thumb Ring
41:53 Imperial Age
Jamb
6:43 Loom
9:25 Feudal Age
15:23 Double-Bit Axe
21:40 Castle Age
21:13 Fletching
21:24 Padded Archer Armor
22:37 Wheelbarrow
22:16 Crossbowman
24:05 Bodkin Arrow
30:09 Horse Collar
30:40 Bow Saw
30:58 Town Watch
35:27 Imperial Age
32:36 Light Cavalry
33:25 Scale Barding Armor
33:32 Forging
34:16 Ballistics
35:09 Thumb Ring
40:24 Leather Archer Armor
40:09 Scale Mail Armor
40:31 Chain Barding Armor
43:22 Arbalester
Connection lost

Rejoining the realm…

Still unreachable

The connection could not be restored.

Session expired

The server has moved on; the page needs a fresh start.